 Dungeon Crawl Stone Soup version 0.30-a0-986-g7f2e898f52 (webtiles) character file.

Game seed: 16102484744971880315

15697 DeathPants the Cleaver (level 12, -1/66 HPs)
             Began as a Vine Stalker Gladiator on Apr 1, 2023.
             Was an Initiate of Gozag.
             Slain by a minotaur
             ... wielding the +8 lance "Wyrmbane" {slay drac, rPois rF+ rC+ AC+3}
              (12 damage)
             ... in a Gauntlet.
             The game lasted 00:28:49 (10380 turns).

DeathPants the Cleaver (Vine Stalker Gladiator)    Turns: 10380, Time: 00:28:50

Health: -1/66      AC: 13    Str: 22      XL:     12   Next: 29%
Magic:  0/22       EV: 15    Int: 10      God:    Gozag
Gold:   1483       SH:  0    Dex: 17 (18) Spells: 19/24 levels left

rFire   . . .      SeeInvis .    a - +3 broad axe (elec)
rCold   . . .      Faith    .    (no shield)
rNeg    . . .      Spirit   +    M - +0 chain mail of Dramatic Exits {Regen+}
rPois   .          Reflect  .    p - +2 helmet
rElec   .          Rampage  .    j - +0 cloak "Riemybbi" {Will++ Str+4}
rCorr   .          NoTele   +    (no gloves)
Will    +++..                    (no boots) Stlth
                                 K - amulet of magic regeneration
HPRegen 1.91/turn                o - ring of wizardry
MPRegen 0.58/turn                B - +5 ring of evasion

@: mighty
A: fangs 3, regeneration 1, magic shield, antimagic bite, no potion heal 2
a: Renounce Religion, Potion Petition, Call Merchant, Bribe Branch


You were in a Gauntlet.
You worshipped Gozag.
Gozag was most pleased with you.
You visited 2 branches of the dungeon, and saw 13 of its levels.
You also visited: Gauntlet.

You collected 1901 gold pieces.
You spent 304 gold pieces at shops.
You paid 114 gold pieces to Gozag.

Inventory:

Hand Weapons
 a - a +3 broad axe of electrocution (weapon)
 h - a +0 morningstar
 D - a +1 whip of electrocution
Missiles
 b - 2 curare-tipped darts (quivered)
 c - 4 boomerangs
 e - 9 javelins
 g - 22 poisoned darts
 v - 2 silver boomerangs
 w - 6 atropa-tipped darts
Armour
 d - a +0 helmet of see invisible
 f - a +1 scale mail
 j - the +0 cloak "Riemybbi" (worn) {Will++ Str+4}
   (You found it in a Gauntlet)

   Str:       It affects your strength (+4).
   Will:      It greatly increases your willpower.
 p - a +2 helmet (worn)
 y - a +2 cloak
 M - the +0 chain mail of Dramatic Exits (worn) {Regen+}
   (You bought it in a shop on level 6 of the Dungeon)

   Regen:     It increases your rate of health regeneration.
Jewellery
 o - a ring of wizardry (left hand)
 B - a +5 ring of evasion (right hand)
 C - the ring "Bodduxal" {rPois rF- rC+ Int+5}
   (You found it on level 6 of the Dungeon)

   [ring of poison resistance]

   Int:       It affects your intelligence (+5).
   rF:        It makes you vulnerable to fire.
   rC:        It protects you from cold.
   rPois:     It protects you from poison.
 I - a ring of flight
 K - an amulet of magic regeneration (around neck)
 L - a ring of see invisible
Wands
 u - a wand of iceblast (15)
 E - a wand of flame (25)
 G - a wand of light (6)
Scrolls
 k - a scroll of butterflies
 r - 3 scrolls of fog
 s - a scroll of magic mapping
 z - 2 scrolls of fear
 F - 3 scrolls of vulnerability
Potions
 i - 7 potions of curing
 l - 5 potions of mutation
 m - a potion of might
 n - a potion of lignification
 q - 2 potions of brilliance
 t - a potion of magic {unknown}
 x - a potion of attraction {unknown}
 A - a potion of degeneration {unknown}
 H - a potion of resistance {unknown}
 J - 3 potions of ambrosia {unknown}


   Skills:
 + Level 9.3 Fighting
 * Level 13.1 Axes
 - Level 1.7 Throwing
 - Level 4.1 Armour
 - Level 4.9 Dodging
 + Level 6.5 Spellcasting


You had 19 spell levels left.
You knew the following spells:

 Your Spells              Type           Power      Damage    Failure   Level
a - Yara's Violent Unrav  Hex/Tmut       1%         3d3       100%        5

Your spell library contained the following spells:

 Spells                   Type           Power      Damage    Failure   Level
 Apportation              Tloc           6%         N/A       52%         1
 Necrotise                Necr           12%        1d4       52%         1
 Slow                     Hex            12%        N/A       52%         1
 Summon Small Mammal      Summ           12%        N/A       52%         1
 Static Discharge         Conj/Air       6%         2-3/arc   65%         2
 Confusing Touch          Hex            3%         N/A       86%         3
 Dazzling Flash           Conj/Hex       6%         N/A       86%         3
 Tukima's Dance           Hex            3%         N/A       86%         3
 Vampiric Draining        Necr           3%         2d6       86%         3
 Vhi's Electric Charge    Tloc/Air       6%         N/A       86%         3
 Iskenderun's Mystic Bla  Conj/Tloc      3%         2d3       99%         4
 Passage of Golubria      Tloc           3%         N/A       99%         4
 Alistair's Intoxication  Tmut/Pois      2%         N/A       100%        5
 Arcjolt                  Conj/Air       1%         1d11      100%        5
 Plasma Beam              Fire/Air       1%         2x1d8     100%        5
 Starburst                Conj/Fire      1%         6d3       100%        6


Dungeon Overview and Level Annotations

Branches:
Dungeon (12/15)            Temple (1/1) D:6             Orc (0/2) D:10
Gauntlet (1/1)
   Lair: D:8-11

Altars:
Ashenzari
Cheibriados
Elyvilon
Gozag
Hepliaklqana
Kikubaaqudgha
Makhleb
Okawaru
Sif Muna
Uskayaw
Vehumet
Wu Jian
Yredelemnul
The Shining One

Shops:
D:6 [   D:10 (

Annotations:
Gauntlet 7 transporters, 3 runed translucent doors


Innate Abilities, Weirdness & Mutations

You have razor-sharp teeth.
Your natural rate of healing is unusually fast.
When hurt, damage is shared between your health and your magic reserves.
Your bite disrupts and absorbs the magic of your enemies.
Potions cannot restore your health.


Message History

HP restored.
You start resting.
Magic restored.
You start waiting.
The catoblepas rams the ground with its head heavily. x2
Done waiting.
There is a transporter here.
You now have 1483 gold pieces (gained 38).
There is a transporter here.
You enter the transporter and appear at another place.
You open the door.
A minotaur comes into view.
It is wielding a +0 triple crossbow, wearing a +2 plate armour of fire resistance and wearing the ring "Lyli" {Int-4 Dex+4 SInv}.
The minotaur bellows!
The minotaur shoots a bolt.
The bolt barely misses you.
Found four items.
You feel very mighty all of a sudden.
The minotaur shoots a bolt.
The bolt barely misses you.
Found a gate leading back out of this place.
The minotaur shoots a bolt.
The bolt hits you!!
There is an open door, spattered with blood here.
The minotaur shoots a bolt.
The bolt hits you!
The minotaur unwields a +0 triple crossbow.
The minotaur wields the +8 lance "Wyrmbane" {slay drac, rPois rF+ rC+ AC+3}.
The minotaur hits you with the +8 lance "Wyrmbane" {slay drac, rPois rF+ rC+ AC+3}!
The minotaur gores you.
You hit the minotaur but do no damage.
The minotaur hits you with the +8 lance "Wyrmbane" {slay drac, rPois rF+ rC+ AC+3}!
The minotaur barely misses you.
You slice the minotaur!! You bite the minotaur. You drain its power.
You feel invigorated.
The minotaur is moderately wounded.
The minotaur hits you with the +8 lance "Wyrmbane" {slay drac, rPois rF+ rC+ AC+3}!!
* * * LOW HITPOINT WARNING * * *
The minotaur misses you.
You hit the minotaur. You bite the minotaur. You drain its power.
You feel invigorated.
The minotaur is moderately wounded.
The minotaur hits you with the +8 lance "Wyrmbane" {slay drac, rPois rF+ rC+ AC+3}!!
You die...
Your body crumbles into a pile of gold.

##### #8∩8#
#[.:# #8.8#
####/.[####
###8.#8H8#.8###
#....#.@.#....#
#.#..#8.8#..#.#
#.#..##'##..#.#
#.............#
#.#.##.#.##.#.#
#.#....#....#.#
#.#.#######.#.#
#.............#
##...©.©.©...##


You could see a minotaur.

Vanquished Creatures
  A quicksilver ooze (Gauntlet)
  A two-headed ogre (D:10)
  2 boulder beetles (D:12)
  5 skeletal warriors
  A deep elf pyromancer (D:12)
  An obsidian statue (Gauntlet)
  2 cyclopes
  A necromancer (D:9)
  A smoke demon (Gauntlet)
  A komodo dragon (D:11)
  A vampire (D:12)
  16 yaks
  A wraith (D:9)
  A wyvern (D:10)
  3 steam dragons
  4 vampire mosquitoes (D:11)
  2 water moccasins
  7 orc warriors
  A black bear (D:5)
  An ice beast (D:7)
  An ogre (D:5)
  4 phantoms
  A centaur (D:7)
  3 kobold brigands
  5 bullfrogs
  3 gnoll sergeants
  2 scorpions (D:5)
  4 wights (D:7)
  2 crimson imps (Gauntlet)
  A howler monkey (D:7)
  4 hounds
  Crazy Yiuf (D:3)
  9 orc priests
  A gnoll bouda (D:4)
  7 iguanas
  2 sleepcaps (D:6)
  12 orc wizards
  2 polar bear simulacra (D:9)
  2 yak simulacra (D:9)
  3 wolf simulacra (D:9)
  Robin (D:3)
  2 adders
  16 gnolls
  A shadow imp (D:5)
  A white imp (D:6)
  2 worms (D:2)
  4 dart slugs
  39 orcs
  8 ball pythons
  2 endoplasms
  4 giant cockroaches
  16 goblins
  6 hobgoblins
  24 kobolds
  5 quokkas
  5 bats
  6 rats
  4 river rat simulacra (D:9)
  A butterfly (D:6)
269 creatures vanquished.

Vanquished Creatures (others)
  Maurice (D:9)
  A fungus (D:3)
  2 plants (D:9)
4 creatures vanquished.

Grand Total: 273 creatures vanquished

Notes
Turn   | Place    | Note
-------+----------+-------------------------------------------
     0 | D:1      | DeathPants the Vine Stalker Gladiator began the quest for
                  | the Orb.
     0 | D:1      | Reached XP level 1. HP: 11/11 MP: 2/2
   276 | D:1      | Reached skill level 3 in Axes
   305 | D:1      | Reached XP level 2. HP: 14/15 MP: 3/3
   345 | D:1      | Found a faded altar of an unknown god.
  1089 | D:3      | Reached XP level 3. HP: 18/18 MP: 4/4
  1723 | D:3      | Noticed Robin
  1919 | D:2      | Gained mutation: Your natural rate of healing is unusually
                  | fast. [Vine Stalker growth]
  1919 | D:2      | Reached XP level 4. HP: 20/23 MP: 3/5
  1930 | D:2      | Reached skill level 4 in Axes
  2043 | D:3      | Killed Robin
  2183 | D:3      | Reached XP level 5. HP: 20/28 MP: 6/6
  2439 | D:3      | Found a runed translucent door.
  2440 | D:3      | Noticed Crazy Yiuf
  2446 | D:3      | Killed Crazy Yiuf
  2719 | D:5      | Entered Level 5 of the Dungeon
  2730 | D:5      | Reached skill level 5 in Axes
  2730 | D:5      | Reached XP level 6. HP: 32/32 MP: 7/7
  3700 | D:4      | Reached XP level 7. HP: 37/37 MP: 6/8
  3745 | D:4      | Reached skill level 6 in Axes
  3781 | D:6      | Found Rynainuc's Antique Armour Shoppe.
  3972 | D:5      | Reached skill level 7 in Axes
  3972 | D:5      | Gained mutation: You have razor-sharp teeth. [Vine Stalker
                  | growth]
  3972 | D:5      | Reached XP level 8. HP: 30/42 MP: 6/9
  4111 | D:5      | Reached skill level 5 in Fighting
  4206 | D:5      | Found an ornate altar of the Wu Jian Council.
  4299 | D:5      | Found a radiant altar of Vehumet.
  4548 | D:6      | Reached skill level 1 in Armour
  4607 | D:6      | Reached skill level 8 in Axes
  4830 | D:6      | Reached XP level 9. HP: 48/48 MP: 10/10
  4974 | D:6      | Found the +9 sword of Power {lifebolt}
  4980 | D:6      | Identified the ring "Bodduxal" {rPois rF- rC+ Int+5}
  5260 | D:6      | Found a staircase to the Ecumenical Temple.
  5270 | Temple   | Entered the Ecumenical Temple
  5277 | Temple   | Became a worshipper of Gozag Ym Sagoz the Greedy
  5757 | D:7      | Reached skill level 9 in Axes
  5779 | D:7      | Found a burning altar of Makhleb.
  6499 | D:7      | Found a broken altar of Ashenzari.
  6499 | D:7      | Found an ancient bone altar of Kikubaaqudgha.
  6760 | D:8      | Found a basalt altar of Yredelemnul.
  6872 | D:8      | Reached XP level 10. HP: 40/53 MP: 9/11
  7203 | D:8      | Reached skill level 10 in Axes
  7260 | D:8      | You fall into a shaft and drop 1 floor!
  7459 | D:9      | Found a shimmering blue altar of Sif Muna.
  8066 | D:9      | Noticed Maurice
  8090 | D:9      | Killed Maurice
  8102 | D:9      | Reached skill level 1 in Spellcasting
  8189 | D:10     | Entered Level 10 of the Dungeon
  8400 | D:9      | Noticed a necromancer
  8415 | D:9      | Killed a necromancer
  8739 | D:11     | Found an opulent altar of Gozag.
  8911 | D:6      | Bought a shimmering chain mail for 304 gold pieces
  8911 | D:6      | Identified the +0 chain mail of Dramatic Exits {Regen+}
                  | (You bought it in a shop on level 6 of the Dungeon)
  9101 | D:10     | Noticed a two-headed ogre
  9103 | D:10     | Reached skill level 11 in Axes
  9108 | D:10     | HP: 2/56 [two-headed ogre/+0 giant club (19)]
  9128 | D:10     | Killed a two-headed ogre
  9129 | D:10     | Reached XP level 11. HP: 27/60 MP: 11/17
  9187 | D:10     | Found Jihod's Weapon Boutique.
  9203 | D:10     | Found a staircase to the Orcish Mines.
  9529 | D:10     | Learned a level 5 spell: Yara's Violent Unravelling
  9640 | D:11     | Noticed a cyclops
  9649 | D:11     | Killed a cyclops
  9793 | D:12     | Noticed a skeletal warrior
  9793 | D:12     | Noticed a skeletal warrior
  9804 | D:12     | Killed a skeletal warrior
  9806 | D:12     | Noticed a skeletal warrior
  9813 | D:12     | Killed a skeletal warrior
  9814 | D:12     | Reached skill level 12 in Axes
  9814 | D:12     | Reached skill level 5 in Spellcasting
  9825 | D:12     | Killed a skeletal warrior
  9851 | D:12     | Noticed a skeletal warrior
  9861 | D:12     | Noticed a skeletal warrior
  9877 | D:11     | Killed a skeletal warrior
  9914 | D:11     | Killed a skeletal warrior
  9969 | D:12     | Noticed a boulder beetle
  9986 | D:12     | Noticed a deep elf pyromancer
  9987 | D:12     | Noticed a cyclops
  9988 | D:12     | Killed a boulder beetle
  9997 | D:12     | Killed a deep elf pyromancer
  9998 | D:12     | Reached XP level 12. HP: 33/65 MP: 11/21
 10012 | D:12     | Found a gate leading to a gauntlet.
 10012 | D:12     | Noticed a boulder beetle
 10019 | D:12     | Killed a boulder beetle
 10028 | Gauntlet | Entered a Gauntlet
 10028 | Gauntlet | Found a transporter.
 10028 | Gauntlet | Found a transporter.
 10040 | Gauntlet | Found a transporter.
 10049 | Gauntlet | Found a transporter.
 10049 | Gauntlet | Found a transporter.
 10052 | Gauntlet | Found a transporter.
 10054 | Gauntlet | Noticed a quicksilver ooze
 10108 | Gauntlet | Found a transporter.
 10113 | Gauntlet | Found a transporter.
 10113 | Gauntlet | Found a transporter.
 10116 | Gauntlet | Killed a quicksilver ooze
 10117 | Gauntlet | Reached skill level 13 in Axes
 10125 | Gauntlet | Noticed a death scarab
 10128 | Gauntlet | Noticed a catoblepas
 10139 | Gauntlet | Noticed a death scarab
 10143 | Gauntlet | Found a transporter.
 10158 | Gauntlet | Found a runed translucent gate.
 10159 | Gauntlet | Found a transporter.
 10159 | Gauntlet | Found a runed translucent gate.
 10160 | Gauntlet | Found a runed translucent gate.
 10179 | Gauntlet | Found a transporter.
 10191 | Gauntlet | Identified the +0 cloak "Riemybbi" {Will++ Str+4}
 10203 | Gauntlet | HP: 3/66 [sixfirhy[an obsidian statue] (7)]
 10206 | Gauntlet | Found a transporter.
 10373 | Gauntlet | Identified the ring "Lyli" {Int-4 Dex+4 SInv}
 10373 | Gauntlet | Noticed a minotaur
 10380 | Gauntlet | Slain by a minotaur

Illustrated notes

Levels and vault maps discovered:
D:1:      dpeg_arrival_round_a, layout_loops_ring, basic_ecumenical_altar,
          serial_forest, infiniplex_forest_clump_long,
          infiniplex_forest_straight_2, infiniplex_forest_end_double,
          infiniplex_forest_end_2, infiniplex_forest_end_1
D:2:      layout_basic, hangedman_decor_opposing
D:3:      layout_rooms, minmay_misc_feat_ornament, uniq_crazy_yiuf_cottage,
          uniq_robin
D:4:      layout_basic
D:5:      layout_cave_pools, mainiacjoe_overflow_cross_hatched, vehumet_crystals
D:6:      layout_loops_ring, minmay_temple_entry_butterflies, serial_shops,
          nicolae_stop_n_shop_1, minivault_22, minmay_misc_feat_roman
D:7:      layout_basic, makhleb_heckhound_becter,
          gammafunk_temple_overflow_statue
D:8:      layout_layer_cave, mainiacjoe_overflow_boulevard,
          kennysheep_nondescript, minivault_1
D:9:      layout_big_octagon, mainiacjoe_overflow_surrounded_room,
          eino_house_with_fridge, uniq_maurice
D:10:     layout_basic, orc_david_3, nicolae_wwwww
D:11:     layout_roguey, erik_lair_orcish_takeover, amcnicky_mini_pool_small,
          hellmonk_bongcloud_opening, hangedman_glass_teeth, grunt_livestock,
          grunt_gozag_breadcrumbs
D:12:     layout_small_grid, gauntlet_entry_generic
Temple:   nicolae_temple_bog_church
Gauntlet: gammafunk_gauntlet_mixed_choke_point
          [minmay_gauntlet_arena_77_block_sizes, minmay_gauntlet_arena_77_mess,
          minmay_gauntlet_arena_77_broken_ladder,
          gammafunk_gauntlet_arena_split_diamond,
          minmay_gauntlet_arena_77_squiggly, minmay_gauntlet_arena_77_p_blocks,
          minmay_gauntlet_arena_77_run_for_it,
          nicolae_gauntlet_exit_dead_adventurers]

Skill      XL: |  1  2  3  4  5  6  7  8  9 10 11 12 |
---------------+-------------------------------------+-----
Fighting       | 2 3 4 5 6 7 8 9 |  9.3
Axes           | 3 4 5 7 8 9 11 12 13 | 13.1
Armour         | 2 3 4 |  4.1
Dodging        | 3 4 |  4.9
Spellcasting   | 3 5 6 |  6.5
Throwing       | |  1.7

Action                     |  1- 3 |  4- 6 |  7- 9 | 10-12 || total
---------------------------+-------+-------+-------+-------++-------
  Melee: War axe           |   103 |   129 |   136 |       ||   368
         Bite              |    25 |    34 |    93 |   121 ||   273
         Punch             |       |     1 |     2 |     4 ||     7
         Broad axe         |       |       |   135 |   339 ||   474
  Throw: Throwing net      |       |       |     1 |     3 ||     4
    Use: Scroll            |     4 |     8 |     7 |     4 ||    23
         Potion            |       |       |       |     3 ||     3
   Stab: Sleeping          |     1 |       |       |       ||     1
         Held in net/web   |       |       |     2 |     4 ||     6
         Distracted        |       |       |       |     1 ||     1
 Armour: Scale mail        |    67 |    81 |   164 |    40 ||   352
         Leather armour    |     5 |       |       |       ||     5
         Chain mail        |       |       |       |   102 ||   102
  Dodge: Dodged            |    68 |    77 |   206 |   251 ||   602

Table legend: (Time is in decaauts)
 A = Elapsed time spent in this place.
 B = Non-inter-level travel time spent in this place.
 C = Inter-level travel time spent in this place.
 D = Time resting spent in this place.
 E = Time spent auto-exploring this place.
 F = Levels seen in this place.
 G = Mean time per level.
                   A        B        C        D        E       F      G
               +--------+--------+--------+--------+--------+-----+--------+
         Total |  10516 |  10059 |    457 |    731 |   6342 |  14 |  751.1 |
       Dungeon |  10152 |   9701 |    451 |    610 |   6286 |  12 |  846.0 |
        Temple |     14 |      8 |      6 |      0 |      0 |   1 |   14.0 |
      Gauntlet |    349 |    349 |      0 |    121 |     56 |   1 |  349.0 |
               +--------+--------+--------+--------+--------+-----+--------+

Top non-repeatable levels by time:
     D:8: 1400 daAuts
     D:7: 1226 daAuts
     D:4: 1022 daAuts
     D:2: 1001 daAuts
     D:1: 988 daAuts
     D:6: 967 daAuts
     D:9: 922 daAuts
    D:10: 769 daAuts
     D:3: 735 daAuts
     D:5: 716 daAuts
Gauntlet: 349 daAuts
    D:11: 256 daAuts
    D:12: 145 daAuts
  Temple: 14 daAuts
